 Dungeon Crawl Stone Soup version 0.23-a0-54-gae6112e (webtiles) character file.

4 Amnesiac the Conjurer (level 1, 0/13 HPs)
             Began as a Mummy Conjurer on Aug 8, 2018.
             Slain by a rat (2 damage)
             ... on level 3 of the Dungeon.
             The game lasted 00:00:49 (164 turns).

Amnesiac the Conjurer (Mummy Conjurer)               Turns: 164, Time: 00:00:50

Health: 0/13       AC:  2    Str: 11    XL:     1   Next: 58%
Magic:  0/4        EV: 12    Int: 14    God:
Gold:   11         SH:  0    Dex: 12    Spells: 5/6 levels left

rFire    x . .     SeeInvis .   (no weapon)
rCold    + . .     Gourm    .   (no shield)
rNeg     + + +     Faith    .   a - +0 robe
rPois    ∞         Spirit   .   (no helmet)
rElec    .         Reflect  .   (no cloak)
rCorr    .         Harm     .   (no gloves)
MR       .....                  (no boots)
Stlth    ++........             (no amulet)
HPRegen  0.04/turn              (no ring)
MPRegen  0.09/turn              (no ring)

@: no status effects
A: no food or potions, fire vulnerability, cold resistance 1, negative energy
resistance 3, torment resistance, unbreathing
a: no special abilities


You were on level 3 of the Dungeon.
You were not hungry.

You visited 1 branch of the dungeon, and saw 3 of its levels.

You collected 11 gold pieces.

Inventory:

Armour
 a - a +0 robe (worn)
Wands
 b - a wand of iceblast (11)


   Skills:
 - Level 1.5 Dodging
 - Level 1.5 Stealth
 + Level 3.1 Spellcasting
 * Level 3.3 Conjurations


You had 5 spell levels left.
You knew the following spells:

 Your Spells              Type           Power        Failure   Level  Hunger
a - Magic Dart            Conj           ##..         5%          1    N/A

Your spell library contained the following spells:

 Spells                   Type           Power        Failure   Level  Hunger
 Iskenderun's Mystic Bla  Conj           ##......     47%         4    N/A
 Fulminant Prism          Conj/Hex       #.........   71%         4    N/A
 Dazzling Spray           Conj/Hex       #.....       32%         3    N/A
 Force Lance              Conj/Tloc      #.......     71%         4    N/A
 Searing Ray              Conj           ##....       9%          2    N/A

Dungeon Overview and Level Annotations

Branches:
Dungeon (3/15)

Altars:

Annotations:
D:3 exclusion: adder


Innate Abilities, Weirdness & Mutations

You do not eat or drink.
Your flesh is vulnerable to fire.
You are immune to poison.
Your flesh is cold resistant. (rC+)
You are immune to negative energy. (rN+++)
You are immune to unholy pain and torment.
You can survive without breathing.


Message History

The magic dart hits the bat.
The bat is severely wounded.
The bat barely misses you. The bat misses you.
Casting: Magic Dart (safe; 5% risk of failure)
Confirm with . or Enter, or press ? or * to list all spells.
You don't have enough magic to cast that spell.
Casting: Magic Dart (safe; 5% risk of failure)
Confirm with . or Enter, or press ? or * to list all spells.
You don't have enough magic to cast that spell.
You miss the bat.
The bat is severely wounded.
The bat misses you.
Casting: Magic Dart (safe; 5% risk of failure)
Confirm with . or Enter, or press ? or * to list all spells.
You don't have enough magic to cast that spell.
You closely miss the bat.
The bat is severely wounded.
The bat barely misses you. The bat hits you but does no damage.
Casting: Magic Dart (safe; 5% risk of failure)
Confirm with . or Enter, or press ? or * to list all spells.
You don't have enough magic to cast that spell.
You hit the bat.
You kill the bat!
Casting: Magic Dart (safe; 5% risk of failure)
Confirm with . or Enter, or press ? or * to list all spells.
You don't have enough magic to cast that spell.
You hit the jackal.
The jackal is lightly wounded.
The jackal bites you. The jackal misses you.
Casting: Magic Dart (safe; 5% risk of failure)
Confirm with . or Enter, or press ? or * to list all spells.
You don't have enough magic to cast that spell.
You closely miss the jackal.
The jackal is lightly wounded.
The jackal barely misses you.
Casting: Magic Dart (safe; 5% risk of failure)
Confirm with . or Enter, or press ? or * to list all spells.
Aiming: Magic Dart (safe; 5% risk of failure)
Press: ? - help, Shift-Dir - straight line, f - jackal
Aim: a jackal (lightly wounded)
The magic dart hits the jackal.
The jackal is lightly wounded.
The jackal closely misses you. x2
Casting: Magic Dart (safe; 5% risk of failure)
Confirm with . or Enter, or press ? or * to list all spells.
You don't have enough magic to cast that spell.
The rat bites you but does no damage.
The jackal bites you but does no damage.
The jackal bites you but does no damage.
The ball python bites you. The ball python grabs you.
* * * LOW HITPOINT WARNING * * *
The ball python constricts you.
The ball python's grasp on you weakens, but your attempt to escape fails.
The rat bites you.
* * * LOW HITPOINT WARNING * * *
The jackal bites you but does no damage.
The ball python bites you but does no damage.
* * * LOW HITPOINT WARNING * * *
The ball python constricts you.
You escape the ball python's grasp.
The jackal bites you.
* * * LOW HITPOINT WARNING * * *
Found a stone staircase leading down.
The rat bites you.
You die...

# #######
#.##.....####.#.
>..............
#....@####### ...
#...rh....... .....
#...S.#######
#.....#####........###
#.....................
#.........(###........
#...........S.........
#..........####.......
#..........# #.......


You could see a jackal, a ball python and a rat.

Vanquished Creatures
  A jackal (D:3)
  2 bats (D:3)
  A kobold (D:1)
  A rat (D:1)
5 creatures vanquished.

Notes
Turn   | Place    | Note
-------+----------+-------------------------------------------
     0 | D:1      | Amnesiac the Mummy Conjurer began the quest for the Orb.
     0 | D:1      | Reached XP level 1. HP: 13/13 MP: 4/4
   164 | D:3      | Slain by a rat

Vault maps used:
D:1:      dpeg_arrival_oval
D:2:      first_ration, minmay_tromino_v4_c
D:3:      overflow_temple_1_default, gammafunk_ghost_nasty_kobolds

Skill      XL: |  1 |
---------------+----+-----
Spellcasting   | 3 |  3.1
Dodging        | |  1.5
Stealth        | |  1.5
Conjurations   | |  3.3

Action                   || total
-------------------------++-------
Melee: Unarmed           ||     6
 Cast: Magic Dart        ||    12
Armor: Robe              ||    14
Dodge: Dodged            ||    46

Table legend:
 A = Spawn XP
 B = Non-spawn XP
 C = Spawn XP percentage of total XP
 D = Spawn monster count
 E = Non-spawn monster count
 F = Spawn count percentage of total count
 G = Total turns spent on level
                    A         B        C        D         E        F      G
               +---------+---------+-------+---------+---------+-------+---------
         Total |       0 |       7 |   0.0 |       0 |       5 |   0.0 |   164
               +---------+---------+-------+---------+---------+-------+---------
           D:1 |       0 |       2 |   0.0 |       0 |       2 |   0.0 |    87
           D:3 |       0 |       5 |   0.0 |       0 |       3 |   0.0 |    65
               +---------+---------+-------+---------+---------+-------+---------
